Map: Nightshade LE

Players

Elazer - Winner!

  • Race: Zerg Zerg
  • Spawn Location: 11:00

Trap

  • Race: Protoss Protoss
  • Spawn Location: 5:00

Event: IEM Katowice 2020

VOD

Have the link to the VOD?

Description

Time

  • Played on: Feb. 28, 2020, 6:12 a.m.
  • Length: 7:00

All games in this series

Show
View Real Time Build Order
Export as new Build Order

Elazer Zerg - Winner!

Build Orders: Hatch First 

Get SALT Encoding   

  12  0:00  Drone  
  13  0:12  Overlord  
  13  0:17  Drone  
  14  0:30  Drone x2  
  16  0:48  Hatchery  
  15  0:51  Drone  
  15  0:54  Drone  
  17  0:58  Drone  
  18  1:08  Extractor  
  17  1:13  Spawning Pool  
  17  1:17  Drone  
  17  1:20  Drone  
  18  1:27  Drone  
  19  1:38  Drone  
  20  1:49  Drone  
  21  1:59  Queen x2  
  25  2:01  Zergling x2, Overlord  
  26  2:11  Zergling x2, Drone  
  28  2:21  Drone  
  28  2:22  Drone  
  30  2:38  Queen  
  30  2:41  Hatchery  
  30  2:43  Metabolic Boost  
  31  2:47  Drone x2  
  33  2:51  Overlord  
  33  2:55  Drone  
  33  2:56  Drone  
  33  2:58  Drone  
  36  3:10  Drone x2, Overlord  
  36  3:11  Drone x2  
  40  3:13  Drone  
  40  3:15  Zergling x2  
  42  3:21  Queen  
  43  3:36  Drone x5  
  43  3:40  Zergling x2, Overlord  
  49  3:44  Extractor, Roach Warren  
  49  3:47  Drone x2  
  49  3:52  Spore Crawler  
  49  3:53  Spore Crawler  
  49  3:55  Overlord  
  47  3:58  Drone  
  47  4:02  Queen  
  50  4:06  Overlord  
  50  4:09  Queen  
  50  4:11  Drone  
  50  4:14  Zergling x2  
  54  4:17  Overlord  
  54  4:25  Roach x3  
  54  4:27  Roach  
  54  4:29  Roach  
  64  4:32  Roach  
  64  4:34  Roach  
  64  4:37  Roach  
  70  4:40  Roach  
  70  4:42  Overlord  
  70  4:44  Zergling x2  
  74  4:45  Zergling x2  
  74  4:48  Zergling x2  
  74  4:51  Zergling x4  
  77  4:54  Zergling x4  
  77  4:55  Zergling x2  
  77  4:58  Zergling x2  
  81  5:02  Zergling x6  
  83  5:11  Zergling x2  
  83  5:12  Zergling x2  
  82  5:16  Ravager  
  82  5:19  Zergling x2  
  82  5:20  Zergling x8  
  86  5:24  Ravager x3  
  87  5:29  Ravager  
  87  5:30  Overlord  
  87  5:31  Overlord  
  82  5:48  Overlord  
  82  5:55  Zergling x14  
  86  6:02  Zergling x4  
  84  6:10  Queen x2  
  85  6:11  Zergling x6, Queen  
  83  6:18  Zergling x2  
  83  6:23  Zergling x2  
  77  6:28  Roach  
  77  6:29  Roach  
  78  6:33  Roach x2  
  79  6:40  Roach  
Show
View Real Time Build Order
Export as new Build Order

Trap Protoss 

Build Orders: 1 Gate Expand, Oracle Opening, Phoenix Opening 

Get SALT Encoding   

  12  0:00  Probe  
  13  0:12  Probe  
  14  0:17  Pylon  
  14  0:24  Probe (Chrono Boost)  
  15  0:36  Probe (Chrono Boost)  
  15  0:38  Gateway  
  16  0:44  Probe (Chrono Boost)  
  16  0:47  Assimilator  
  17  0:50  Probe  
  18  1:03  Probe  
  19  1:15  Probe  
  20  1:25  Nexus  
  20  1:33  Cybernetics Core  
  20  1:36  Probe  
  21  1:45  Assimilator  
  21  1:48  Probe  
  21  1:53  Pylon  
  22  2:00  Probe  
  23  2:08  Adept (Chrono Boost)  
  23  2:12  Probe  
  23  2:15  Pylon  
  26  2:22  Stargate  
  26  2:24  Probe  
  26  2:28  Warp Gate  
  27  2:34  Adept  
  29  2:38  Probe (Chrono Boost)  
  29  2:41  Probe (Chrono Boost)  
  31  2:49  Probe (Chrono Boost)  
  31  2:50  Probe (Chrono Boost)  
  33  2:54  Probe (Chrono Boost)  
  33  2:55  Probe (Chrono Boost)  
  35  3:04  Adept  
  35  3:05  Phoenix (Chrono Boost)  
  39  3:08  Probe  
  39  3:10  Probe  
  41  3:16  Pylon  
  41  3:20  Probe  
  41  3:22  Probe  
  41  3:24  Oracle (Chrono Boost)  
  46  3:34  Probe x2  
  48  3:41  Gateway  
  48  3:44  Gateway  
  48  3:46  Probe  
  48  3:47  Probe  
  50  3:51  Adept  
  52  3:56  Pylon, Oracle (Chrono Boost)  
  55  4:03  Probe x2  
  57  4:14  Pylon  
  57  4:15  Assimilator  
  57  4:18  Probe  
  57  4:19  Pylon, Assimilator  
  57  4:20  Probe  
  57  4:23  Oracle (Chrono Boost)  
  62  4:33  Adept  
  64  4:39  Shield Battery  
  64  4:41  Stalker, Zealot, Shield Battery  
  68  4:51  Shield Battery  
  68  4:53  Stalker, Shield Battery  
  70  5:01  Oracle  
  73  5:13  Stalker  
  73  5:14  Stalker  
  77  5:22  Pylon  
  77  5:25  Pylon  
  77  5:32  Gateway  
  77  5:33  Gateway  
  77  5:41  Stalker x3  
  79  5:45  Oracle (Chrono Boost)  
  71  6:05  Zealot  
  68  6:13  Oracle (Chrono Boost)  
  68  6:24  Gateway  
  60  6:25  Gateway  
  60  6:28  Zealot x2  
  60  6:29  Zealot  
  51  6:51  Zealot  
  51  6:52  Zealot x2  

Tags
 
Add a new tag
Caveats
  • Supply blocks, unpowered buildings, or Contaminate may cause inaccurate times.
  • Supply counts are checked every 10 seconds.